 Dungeon Crawl Stone Soup version 0.26.1-2-gb8aa6d0cf2 (webtiles) character file.

Game seed: 18316837945788114444

6059 Marvel the Ducker (level 10, 0/100 HPs)
             Began as a Troll Hedge Wizard on Feb 13, 2021.
             Was a High Priest of Dithmenos.
             Slain by a hound (2 damage)
             ... on level 9 of the Dungeon.
             The game lasted 00:31:19 (10698 turns).

Marvel the Ducker (Troll Hedge Wizard)             Turns: 10698, Time: 00:31:20

Health: 0/100      AC: 13    Str: 20    XL:     10   Next: 57%
Magic:  12/12      EV: 12    Int: 13    God:    Dithmenos [*****.]
Gold:   394        SH:  0    Dex:  9    Spells: 10/13 levels left

rFire    . . .     SeeInvis .   e - +4 scythe (vamp)
rCold    . . .     Faith    +   (shield currently unavailable)
rNeg     . . .     Spirit   .   A - +2 robe
rPois    .         Reflect  .   v - +1 hat
rElec    .         Harm     .   (no cloak)
rCorr    .         Rampage  .   (gloves unavailable)
Will     +....                  (boots unavailable)
Stlth    ++........             m - amulet of faith
HPRegen  0.66/turn              k - +4 ring of protection
MPRegen  0.13/turn              n - ring of willpower

@: wreathed by umbra
A: large, unfitting armour, claws 3, regeneration 1, shaggy fur 1, tough skin 3
a: Renounce Religion, Shadow Step, Shadow Form


You were on level 9 of the Dungeon.
You worshipped Dithmenos.
Dithmenos was extremely pleased with you.
You visited 2 branches of the dungeon, and saw 11 of its levels.

You collected 634 gold pieces.
You spent 240 gold pieces at shops.

Inventory:

Hand Weapons
 a - a +0 dagger
 e - a +4 vampiric scythe (weapon)
 i - a +0 vorpal hand axe
Missiles
 j - 62 poisoned darts
 q - 5 silver boomerangs
Armour
 b - a +0 robe
 c - a +0 hat
 v - a +1 hat (worn)
 A - a +2 robe (worn)
Jewellery
 k - a +4 ring of protection (left claw)
 m - an amulet of faith (around neck)
 n - a ring of willpower (right claw)
 w - an uncursed ring of flight
 y - an uncursed ring of teleportation
 B - an uncursed amulet of regeneration {unknown}
 D - a +4 ring of protection
Wands
 l - a wand of flame (13)
 r - a wand of digging (2)
 x - a wand of iceblast (10)
 G - a wand of random effects (7)
Scrolls
 d - a scroll of immolation {unknown}
 f - 2 scrolls of fog
 g - 4 scrolls of amnesia
 h - 7 scrolls of identify
 t - 9 scrolls of remove curse
 u - a scroll of teleportation
 I - a scroll of enchant armour {unknown}
 J - a scroll of magic mapping
Potions
 o - a potion of attraction
 p - a potion of flight
 s - 2 potions of brilliance
 z - 3 potions of heal wounds
 C - a potion of resistance {unknown}
 E - a potion of mutation
 F - 3 potions of curing
 H - a potion of berserk rage {unknown}


   Skills:
 + Level 6.5 Fighting
 - Level 1.1 Short Blades
 + Level 4.0 Polearms
 + Level 7.2 Dodging
 - Level 1.3 Stealth
 - Level 6.1 Unarmed Combat
 - Level 2.4 Spellcasting
 - Level 1.4 Conjurations
 - Level 5.0 Summonings
 - Level 0.6 Translocations


You had 10 spell levels left.
You knew the following spells:

 Your Spells              Type           Power        Failure   Level
a - Magic Dart            Conj           20%          14%         1
b - Call Imp              Summ           14%          4%          2

Your spell library contained the following spells:

 Spells                   Type           Power        Failure   Level
 Searing Ray              Conj           10%          21%         2
 Corona                   Hex            1%           24%         1
 Sting                    Tmut/Pois      4%           24%         1
 Blink                    Tloc           N/A          28%         2
 Poisonous Vapours        Pois/Air       2%           36%         2
 Slow                     Hex            1%           36%         2
 Conjure Flame            Conj/Fire      3%           47%         3
 Dazzling Flash           Conj/Hex       6%           47%         3
 Mephitic Cloud           Conj/Pois/Air  2%           52%         3
 Portal Projectile        Hex/Tloc       4%           54%         3
 Ignite Poison            Fire/Tmut/Pois 1%           58%         3
 Inner Flame              Hex/Fire       1%           58%         3
 Iskenderun's Mystic Bla  Conj/Tloc      4%           85%         4
 Fulminant Prism          Conj/Hex       1%           87%         4
 Cause Fear               Hex            0%           94%         4
 Leda's Liquefaction      Hex/Erth       0%           94%         4
 Olgreb's Toxic Radiance  Pois           1%           94%         4


Dungeon Overview and Level Annotations

Branches:
Dungeon (10/15)            Temple (1/1) D:4            Lair (0/6) D:9
    Orc: D:9-12

Altars:
Cheibriados
Dithmenos
Okawaru
Uskayaw
Xom
The Shining One

Shops:
D:4 [   D:9 ?*

Annotations:
D:4 2 transporters
D:9 2 transporters, exclusion: ice statue, Flure's ghost, novice NaTm; Grum


Innate Abilities, Weirdness & Mutations

You are too large for most types of armour.
You have claws for hands.
Your natural rate of healing is unusually fast.
You are covered in fur. (AC +1)
You have extremely tough skin. (AC +3)


Message History

There is an escape hatch in the ceiling here.
The hound closely misses you. The troll barely misses you. x3
The hound misses you. A mysterious force pulls you upwards.
The hatch slams shut behind you.
Level annotation: 2 transporters, exclusion: ice statue, Flure's ghost, novice NaTm; Grum You feel sick.
Okay, then.
You fail to use your ability.
The troll bites you!
* * * LOW HITPOINT WARNING * * *
The troll claws you but does no damage. x2
The hound bites you but does no damage.
You hit the troll.
You feel better.
The troll is lightly wounded.
You feel sick.
You are no longer poisoned.
The hound closely misses you. The troll closely misses you.
The troll claws you but does no damage. The troll claws you!
* * * LOW HITPOINT WARNING * * *
The hound bites you.
You die...

#. #.....###. #.
###+#########.# ##
#. #.........###.#
# #.
#.............#
#.........########
#......#.#........
#.....^.∩......[..
#h.....#.#.....<..
#@T.......)).(((((
########....(..(†.
#....).....
#..........
#...(......
###########


You could see a troll and a hound.

Vanquished Creatures
  Prince Ribbit (D:7)
  Sigmund (D:7)
  2 wyverns
  3 yaks (D:10)
  Edmund (D:7)
  Menkaure (D:7)
  2 water moccasins
  3 ice beasts
  3 sky beasts
  3 phantoms
  An ogre (D:7)
  A centaur (D:9)
  A big kobold (D:9)
  Blork the orc (D:5)
  Dowan (D:6)
  2 bullfrogs
  A scorpion (D:7)
  A wyvern skeleton (D:7)
  4 killer bees
  4 howler monkeys
  12 wights
  A bullfrog zombie (D:5)
  A quasit (D:9)
  A centaur zombie (D:6)
  3 hounds
  2 jellies
  6 orc wizards
  5 orc priests
  A bullfrog skeleton (D:6)
  A centaur skeleton (D:7)
  3 worker ants
  2 hound skeletons
  2 worker ant zombies
  13 gnolls
  9 adders
  A howler monkey skeleton (D:8)
  3 shadow imps
  A white imp (D:6)
  2 ufetubi (D:9)
  An ooze (D:4)
  An adder skeleton (D:6)
  2 worms (D:2)
  3 dart slugs
  8 leopard geckos
  34 orcs
  A ball python (D:5)
  2 giant cockroaches
  7 goblins
  9 hobgoblins
  4 jackals
  7 bats
  5 frilled lizards
  A giant cockroach zombie (D:5)
  9 kobolds
  A quokka skeleton (D:8)
  A quokka zombie (D:8)
  15 rats
217 creatures vanquished.

Vanquished Creatures (collateral kills)
  A two-headed ogre (D:8)
  A wraith (D:8)
  Duvessa (D:6)
  A black bear (D:8)
  An ice beast (D:6)
  2 ogres
  3 centaurs
  A big kobold (D:7)
  A wyvern skeleton (D:8)
  8 killer bees
  A howler monkey (D:7)
  A jelly (D:5)
  A hound (D:7)
  5 gnolls
  An ufetubus (D:8)
  An adder zombie (D:8)
  2 leopard geckos
  3 orcs (D:7)
  A quokka (D:8)
  A kobold (D:7)
37 creatures vanquished.

Vanquished Creatures (others)
  A bush (D:8)
  2 plants (D:7)
3 creatures vanquished.

Grand Total: 257 creatures vanquished

Notes
Turn   | Place    | Note
-------+----------+-------------------------------------------
     0 | D:1      | Marvel the Troll Hedge Wizard began the quest for the Orb.
     0 | D:1      | Reached XP level 1. HP: 16/16 MP: 2/2
   134 | D:1      | Reached XP level 2. HP: 24/24 MP: 4/4
  1173 | D:2      | Reached XP level 3. HP: 26/31 MP: 5/5
  1176 | D:2      | Learned a level 2 spell: Call Imp
  1506 | D:2      | Reached skill level 1 in Short Blades
  1537 | D:2      | Reached skill level 1 in Conjurations
  1544 | D:2      | Reached skill level 2 in Dodging
  1544 | D:2      | Reached XP level 4. HP: 17/39 MP: 4/6
  1559 | D:2      | Reached skill level 1 in Summonings
  2487 | D:3      | Reached XP level 5. HP: 19/45 MP: 3/7
  3526 | D:4      | Found a transporter.
  3610 | D:4      | Found Ypnol's Antique Armour Shoppe.
  3743 | D:4      | Found a transporter.
  3806 | D:4      | Found a staircase to the Ecumenical Temple.
  3816 | Temple   | Entered the Ecumenical Temple
  3823 | Temple   | Became a worshipper of Dithmenos the Shadowed
  3948 | D:4      | Reached XP level 6. HP: 47/53 MP: 3/8
  4276 | D:5      | Entered Level 5 of the Dungeon
  4288 | D:5      | Noticed a sky beast
  4304 | D:5      | Killed a sky beast
  4644 | D:5      | Reached XP level 7. HP: 59/59 MP: 6/9
  4952 | D:5      | Reached skill level 5 in Summonings
  5087 | D:5      | Found a glowing golden altar of the Shining One.
  5101 | D:5      | Reached * piety under Dithmenos
  5215 | D:5      | Reached skill level 1 in Unarmed Combat
  5260 | D:6      | Reached skill level 1 in Fighting
  5351 | D:6      | Noticed Dowan
  5353 | D:6      | Noticed Blork the orc
  5353 | D:6      | Noticed Duvessa
  5373 | D:5      | Reached skill level 3 in Dodging
  5450 | D:5      | Killed Blork the orc
  5614 | D:5      | Reached XP level 8. HP: 69/72 MP: 10/10
  5868 | D:6      | Reached ** piety under Dithmenos
  5926 | D:6      | Found a shimmering altar of Xom.
  5940 | D:6      | Killed Duvessa
  6026 | D:6      | Killed Dowan
  6257 | D:7      | Reached skill level 4 in Dodging
  6922 | D:7      | Reached XP level 9. HP: 73/84 MP: 6/11
  7303 | D:7      | Reached skill level 5 in Dodging
  7303 | D:7      | Reached skill level 5 in Unarmed Combat
  7304 | D:7      | Reached *** piety under Dithmenos
  7490 | D:7      | Noticed Prince Ribbit
  7620 | D:7      | Killed Prince Ribbit
  7758 | D:7      | HP: 4/85 [killer bee (10)]
  7933 | D:7      | Noticed Menkaure
  7943 | D:7      | Killed Menkaure
  8027 | D:7      | Noticed Sigmund
  8036 | D:7      | Killed Sigmund
  8037 | D:7      | Reached skill level 5 in Fighting
  8076 | D:7      | Noticed Edmund
  8090 | D:7      | Killed Edmund
  8148 | D:7      | Reached skill level 1 in Polearms
  8385 | D:8      | Reached skill level 6 in Dodging
  8589 | D:8      | Reached **** piety under Dithmenos
  8590 | D:8      | Reached XP level 10. HP: 73/96 MP: 3/12
  9018 | D:8      | Noticed a two-headed ogre
  9026 | D:8      | Killed a two-headed ogre
  9449 | D:8      | Found an iron altar of Okawaru.
  9599 | D:9      | Found Miom's Magic Scroll Boutique.
  9701 | D:9      | Bought a scroll of enchant weapon for 120 gold pieces
  9701 | D:9      | Bought a scroll of enchant weapon for 120 gold pieces
  9717 | D:9      | Noticed an ice statue
  9721 | D:9      | Found a transporter.
  9729 | D:9      | Noticed Flure's ghost (novice NaTm)
  9771 | D:9      | Found a staircase to the Lair.
  9950 | D:9      | Found a snail-covered altar of Cheibriados.
 10095 | D:9      | Noticed a red ugly thing
 10096 | D:9      | Found a transporter.
 10107 | D:9      | Found Ysuerot's General Store.
 10159 | D:9      | Reached ***** piety under Dithmenos
 10219 | D:9      | Noticed Grum
 10265 | D:10     | Entered Level 10 of the Dungeon
 10372 | D:10     | Reached skill level 7 in Dodging
 10667 | D:10     | Noticed a two-headed ogre
 10698 | D:9      | HP: 2/100 [troll (7)]
 10698 | D:9      | Slain by a hound

Illustrated notes

Levels and vault maps discovered:
D:1:      lightli_arrival_farm, layout_rooms, minmay_misc_feat_alley
D:2:      layout_basic, hex_large
D:3:      layout_basic
D:4:      gammafunk_steamed_eel, layout_basic, minmay_temple_entry_glass,
          serial_shops, shop
D:5:      layout_loops_cross, tso_altar
D:6:      lemuel_upstairs_altar, layout_rooms, serial_corexii_hall,
          corexii_hall_statues_x, corexii_hall_statues_l, xom_teletrap_fun,
          uniq_duvessa, uniq_blork_the_orc
D:7:      layout_loops_corners, sigmund_edmund_badplayer, uniq_prince_ribbit1,
          uniq_menkaure
D:8:      layout_cave_pools, basic_altar, kb_lookout_dungeons_type
D:9:      layout_basic, dpeg_oklobed_lair, nzn_ghost_randoct, serial_shops,
          nicolae_shop_crystal, shop, lemuel_altar_in_water, uniq_grum
D:10:     cheibrodos_ideogram_h, layout_irregular_city, serial_shops,
          nicolae_shop_overgrown_old_shop, lightli_fourway_metalbox
Temple:   minmay_crystal_snake_temple

Skill      XL: |  1  2  3  4  5  6  7  8  9 10 |
---------------+-------------------------------+-----
Short Blades   | 1 |  1.1
Conjurations   | 1 |  1.4
Dodging        | 2 3 4 6 7 |  7.2
Summonings     | 1 2 4 5 |  5.0
Unarmed Combat | 2 4 6 |  6.1
Fighting       | 1 3 5 6 |  6.5
Polearms       | 2 4 |  4.0
Stealth        | |  1.3
Spellcasting   | |  2.4
Translocations | |  0.6

Action                   |  1- 3 |  4- 6 |  7- 9 | 10-12 || total
-------------------------+-------+-------+-------+-------++-------
Melee: Dagger            |   116 |       |       |       ||   116
       Unarmed           |    15 |   232 |   402 |       ||   649
       Punch             |       |       |     6 |       ||     6
       Scythe            |       |       |    70 |   237 ||   307
 Cast: Magic Dart        |    30 |    28 |     1 |       ||    59
       Call Imp          |     1 |     8 |    72 |    32 ||   113
  Use: Scroll            |       |     4 |     8 |     3 ||    15
       Potion            |       |       |     9 |       ||     9
 Stab: Sleeping          |     1 |     2 |     4 |     1 ||     8
       Distracted        |       |       |     2 |       ||     2
Armor: Robe              |    78 |   112 |   328 |   225 ||   743
Dodge: Dodged            |    73 |   111 |   466 |   477 ||  1127
